 Dungeon Crawl Stone Soup version 0.21-a0-349-g0c35859 (webtiles) character file.

197 tidbits the Skirmisher (level 5, 21/47 HPs)
             Began as a Gnoll Chaos Knight on Oct 8, 2017.
             Quit the game on level 2 of the Dungeon.
             The game lasted 00:03:17 (536 turns).

tidbits the Skirmisher (Gnoll Chaos Knight)          Turns: 536, Time: 00:03:18

Health: 21/47      AC:  6    Str: 16    XL:     5   Next: 75%
Magic:  7/7        EV: 13    Int: 15    God:    Xom [..*...]
Gold:   41         SH:  0    Dex: 15    Spells: 7/7 levels left

rFire    . . .     SeeInvis +   a - +0 hand axe (chaos)
rCold    . . .     Gourm    .   (no shield)
rNeg     . . .     Faith    .   b - +3 leather armour
rPois    .         Spirit   .   (no helmet)
rElec    .         Reflect  .   (no cloak)
rCorr    .         Harm     .   (no gloves)
MR       .....                  (no boots)
Stlth    ++........             (no amulet)
HPRegen  0.15/turn              o - +2 ring of strength
MPRegen  0.10/turn              q - ring of see invisible

@: no status effects
A: distributed training, fangs 1, strong nose
a: Renounce Religion


You were on level 2 of the Dungeon.
You worshipped Xom.
You were a toy of Xom.
You were not hungry.

You visited 1 branch of the dungeon, and saw 2 of its levels.

You collected 41 gold pieces.

Inventory:

Hand Weapons
 a - a +0 hand axe of chaos (weapon)
 d - a +0 short sword
 i - a +1 short sword of venom
   (You took it off a kobold on level 1 of the Dungeon)
Missiles
 k - 16 arrows
 l - 5 tomahawks (quivered)
Armour
 b - a +3 leather armour (worn)
Jewellery
 o - a +2 ring of strength (left hand)
   (You found it on level 2 of the Dungeon)
 q - a ring of see invisible (right hand)
   (You found it on level 2 of the Dungeon)
Scrolls
 h - a scroll of amnesia
Potions
 e - a potion of flight {unknown}
 f - a potion of lignification {unknown}
 m - a potion of curing {unknown}
 n - a potion of magic {unknown}
 r - a potion of agility {unknown}
Comestibles
 c - a bread ration
 p - 2 chunks of flesh


   Skills:
 + Level 6.7 Fighting
 + Level 1.6 Short Blades
 + Level 1.6 Long Blades
 + Level 6.7 Axes
 + Level 1.6 Maces & Flails
 + Level 1.6 Polearms
 + Level 1.6 Staves
 + Level 1.6 Slings
 + Level 1.6 Bows
 + Level 1.6 Crossbows
 + Level 1.6 Throwing
 + Level 4.8 Armour
 + Level 3.0 Dodging
 + Level 1.6 Stealth
 + Level 1.6 Shields
 + Level 1.6 Unarmed Combat
 + Level 1.6 Spellcasting
 + Level 1.6 Conjurations
 + Level 1.6 Hexes
 + Level 1.6 Charms
 + Level 1.6 Summonings
 + Level 1.6 Necromancy
 + Level 1.6 Translocations
 + Level 1.6 Transmutations
 + Level 1.6 Fire Magic
 + Level 1.6 Ice Magic
 + Level 1.6 Air Magic
 + Level 1.6 Earth Magic
 + Level 1.6 Poison Magic
 + Level 1.6 Invocations
 + Level 1.6 Evocations


You had 7 spell levels left.
You didn't know any spells.

Dungeon Overview and Level Annotations

Branches:
Dungeon (2/15)

Altars:


Innate Abilities, Weirdness & Mutations

Your experience applies equally to all skills.
You have very sharp teeth.
Your uncanny sense of smell can sniff out nearby items.


Message History

An adder comes into view.
You feel sick.
You feel sick.
You see here a twisted emerald ring.
q - a twisted emerald ring You feel sick.
The adder closely misses you.
You slash the adder!
The adder is poisoned.
Your bite misses the adder.
The adder is almost dead.
You kill the adder!
A kobold comes into view. It is wielding a short sword.
Put on which piece of jewellery? (? for menu, Esc to quit)
q - a ring of see invisible (right hand)
You feel sick.
You feel sick.
You closely miss the kobold. The kobold hits you with a short sword.
* * * LOW HITPOINT WARNING * * *
You slash the kobold! You burn the kobold.
You kill the kobold!
You now have 28 gold pieces (gained 9).
Things that are here:
a short sword; 19 stones You feel sick.
Found a murky golden potion.
An adder comes into view.
You feel sick.
You are no longer poisoned.
The adder hisses angrily.
You see here a murky golden potion.
r - a murky golden potion The adder closely misses you.
You closely miss the adder. The adder bites you.
* * * LOW HITPOINT WARNING * * *
You slice the adder!! You burn the adder.
You kill the adder!
You see here an adder corpse.
A kobold comes into view.
The kobold moves out of view.
You feel a little less mighty now.
The kobold shouts!
The kobold throws a stone.
The stone closely misses you.
The kobold throws a stone.
The stone completely misses you.
The kobold throws a stone.
The stone hits you but does no damage.
You see here a stone.
You hit the kobold but do no damage. The kobold hits you.
* * * LOW HITPOINT WARNING * * *
You hit the kobold but do no damage. The kobold hits you.
* * * LOW HITPOINT WARNING * * *
You barely miss the kobold. The kobold barely misses you.
A rat comes into view.
You closely miss the kobold. The kobold closely misses you.
You barely miss the kobold. The kobold hits you but does no damage.
You closely miss the kobold. The kobold hits you but does no damage.
You hit the kobold but do no damage. You bite the kobold.
The kobold is heavily wounded.
The kobold barely misses you.
You closely miss the kobold.
The kobold is heavily wounded.
The kobold hits you.
* * * LOW HITPOINT WARNING * * *
You hit the kobold.
You kill the kobold!
You slash the rat!
You kill the rat!
You see here a kobold corpse.
As you read the scroll labeled XOEBOS ILEERUI, it crumbles to dust.
It is a scroll of identify.
h - a scroll of amnesia
As you read the scroll labeled DUHIYCABLO, it crumbles to dust.
It is a scroll of enchant armour.
Your +2 leather armour glows green for a moment.
Okay, then.
Okay, then.
An ooze comes into view.
You are too injured to fight recklessly!
You are too injured to fight recklessly!
You are too injured to fight recklessly!
You are too injured to fight recklessly!
You are too injured to fight recklessly!
You are too injured to fight recklessly!
You are too injured to fight recklessly!
The ooze quivers.
You hit the ooze but do no damage.
The ooze is poisoned.
The ooze jiggles.
The ooze hits you.
* * * LOW HITPOINT WARNING * * *
You barely miss the ooze.
The ooze is lightly wounded.
The ooze closely misses you.
You hit the ooze but do no damage.
The ooze is lightly wounded.
The ooze hits you.
* * * LOW HITPOINT WARNING * * *
You slash the ooze! You freeze the ooze.
You kill the ooze!
You see here a rat corpse. "See what I see, my child!"
You detect creatures!
Found 13 gold pieces.
You now have 41 gold pieces (gained 13).
Are you sure you want to abandon this character and quit the game? (Confirm with "yes".)

#.# #.# ... #.#
#.# ##.# #.# #.#
#.# #.# #.# #.#.
#.# #.########
#.#. #.#
#........# ..#.
#.# ########.#
####.... #.# ###
#.# ####...# #.
#.# ##.##
#@######......# #.
#.###.#.##
#...........#.###.
##.##.###.##
########.#####....
#..†....##.# #..#
####. ...##.#.#.##
##.# #. ..####...#
#.# #. .. ##.##
#.# #. .. #.#
##### #†# ## ..
#.########...##
#.#


There were no monsters in sight!

Vanquished Creatures
  A water moccasin (D:2)
  5 adders (D:2)
  An ooze (D:2)
  A dart slug (D:1)
  2 leopard geckos
  A ball python (D:2)
  5 bats
  A giant cockroach (D:2)
  3 goblins
  A hobgoblin (D:2)
  A quokka (D:2)
  A frilled lizard (D:1)
  7 kobolds
  6 rats
36 creatures vanquished.

Notes
Turn   | Place    | Note
-------+----------+-------------------------------------------
     0 | D:1      | tidbits the Gnoll Chaos Knight began the quest for the Orb.
     0 | D:1      | Reached XP level 1. HP: 23/23 MP: 1/1
     9 | D:1      | XOM: divination: detect items
    33 | D:1      | Reached XP level 2. HP: 23/29 MP: 2/2
   219 | D:2      | Reached XP level 3. HP: 33/35 MP: 3/3
   362 | D:2      | Reached skill level 1 in Short Blades
   362 | D:2      | Reached skill level 1 in Long Blades
   362 | D:2      | Reached skill level 1 in Maces & Flails
   362 | D:2      | Reached skill level 1 in Polearms
   362 | D:2      | Reached skill level 1 in Staves
   362 | D:2      | Reached skill level 1 in Slings
   362 | D:2      | Reached skill level 1 in Bows
   362 | D:2      | Reached skill level 1 in Crossbows
   362 | D:2      | Reached skill level 1 in Throwing
   362 | D:2      | Reached skill level 1 in Stealth
   362 | D:2      | Reached skill level 1 in Shields
   362 | D:2      | Reached skill level 1 in Unarmed Combat
   362 | D:2      | Reached skill level 1 in Spellcasting
   362 | D:2      | Reached skill level 1 in Conjurations
   362 | D:2      | Reached skill level 1 in Hexes
   362 | D:2      | Reached skill level 1 in Charms
   362 | D:2      | Reached skill level 1 in Summonings
   362 | D:2      | Reached skill level 1 in Necromancy
   362 | D:2      | Reached skill level 1 in Translocations
   362 | D:2      | Reached skill level 1 in Transmutations
   362 | D:2      | Reached skill level 1 in Fire Magic
   362 | D:2      | Reached skill level 1 in Ice Magic
   362 | D:2      | Reached skill level 1 in Air Magic
   362 | D:2      | Reached skill level 1 in Earth Magic
   362 | D:2      | Reached skill level 1 in Poison Magic
   362 | D:2      | Reached skill level 1 in Invocations
   362 | D:2      | Reached skill level 1 in Evocations
   366 | D:2      | Noticed a water moccasin
   366 | D:2      | a worm changed into a water moccasin
   369 | D:2      | XOM: potion effect (might)
   370 | D:2      | XOM: noise
   372 | D:2      | Reached XP level 4. HP: 23/41 MP: 5/5
   374 | D:2      | Killed a water moccasin
   374 | D:2      | Reached skill level 3 in Dodging
   374 | D:2      | Reached XP level 5. HP: 22/47 MP: 5/7
   515 | D:2      | XOM: divination: detect creatures
   536 | D:2      | Quit the game

Vault maps used:
D:1:      erik_arrival_cave_to_civilisation, minmay_pentomino_o2
D:2:      minmay_rat_hole

Skill      XL: |  1  2  3  4 |
---------------+-------------+-----
Short Blades   | 1 |  1.6
Long Blades    | 1 |  1.6
Maces & Flails | 1 |  1.6
Polearms       | 1 |  1.6
Staves         | 1 |  1.6
Slings         | 1 |  1.6
Bows           | 1 |  1.6
Crossbows      | 1 |  1.6
Throwing       | 1 |  1.6
Stealth        | 1 |  1.6
Shields        | 1 |  1.6
Unarmed Combat | 1 |  1.6
Spellcasting   | 1 |  1.6
Conjurations   | 1 |  1.6
Hexes          | 1 |  1.6
Charms         | 1 |  1.6
Summonings     | 1 |  1.6
Necromancy     | 1 |  1.6
Translocations | 1 |  1.6
Transmutations | 1 |  1.6
Fire Magic     | 1 |  1.6
Ice Magic      | 1 |  1.6
Air Magic      | 1 |  1.6
Earth Magic    | 1 |  1.6
Poison Magic   | 1 |  1.6
Invocations    | 1 |  1.6
Evocations     | 1 |  1.6
Dodging        | 3 |  3.0
Fighting       | |  6.7
Axes           | |  6.7
Armour         | |  4.8

Action                   |  1- 3 |  4- 6 || total
-------------------------+-------+-------++-------
Melee: Hand axe          |    67 |    21 ||    88
       Bite              |     7 |     1 ||     8
       Punch             |     1 |       ||     1
  Use: Scroll            |       |     2 ||     2
 Stab: Distracted        |     1 |       ||     1
Armor: Leather armour    |    22 |     3 ||    25
Dodge: Dodged            |    50 |    10 ||    60

Table legend:
 A = Spawn XP
 B = Non-spawn XP
 C = Spawn XP percentage of total XP
 D = Spawn monster count
 E = Non-spawn monster count
 F = Spawn count percentage of total count
 G = Total turns spent on level
                    A         B        C        D         E        F      G
               +---------+---------+-------+---------+---------+-------+---------
         Total |       0 |     282 |   0.0 |       0 |      36 |   0.0 |   536
               +---------+---------+-------+---------+---------+-------+---------
           D:1 |       0 |      24 |   0.0 |       0 |      13 |   0.0 |   166
           D:2 |       0 |     258 |   0.0 |       0 |      23 |   0.0 |   370
               +---------+---------+-------+---------+---------+-------+---------

Table legend:
 A = Turns spent in this place as a percentage of turns spent in the entire game.
 B = Non-inter-level travel turns spent in this place as a percentage of non-inter-level travel turns spent in the entire game.
 C = Inter-level travel turns spent in this place as a percentage of turns spent in this place.
 D = Turns resting spent in this place as a percentage of non-inter-level travel turns spent in this place.
 E = Turns spent auto-exploring this place as a percentage of non-inter-level travel turns spent in this place.
 F = Non-inter-level travel turns spent in this place divided by the number of levels of this place that you've seen.
                   A       B       C       D       E      F
               +-------+-------+-------+-------+-------+----------------------
         Total | 100.0 | 100.0 |   3.4 |   0.0 |   0.0 | 259.0
       Dungeon | 100.0 | 100.0 |   3.4 |   0.0 |   0.0 | 259.0
               +-------+-------+-------+-------+-------+----------------------

Table legend:
 A = Kills in this place as a percentage of kills in entire the game.
 B = Kills by you in this place as a percentage of kills by you in the entire game.
 C = Kills by friends in this place as a percentage of kills by friends in the entire game.
 D = Other kills in this place as a percentage of other kills in the entire game.
 E = Experience gained in this place as a percentage of experience gained in the entire game.
 F = Experience gained in this place divided by the number of levels of this place that you have seen.
                   A       B       C       D       E      F
               +-------+-------+-------+-------+-------+----------------------
         Total | 100.0 | 100.0 |   N/A |   N/A | 100.0 | 141.0
       Dungeon | 100.0 | 100.0 |   N/A |   N/A | 100.0 | 141.0
               +-------+-------+-------+-------+-------+----------------------

Vault maps used:
D:1:      erik_arrival_cave_to_civilisation, minmay_pentomino_o2
D:2:      minmay_rat_hole
